 Dungeon Crawl Stone Soup version 0.27.0-1-g7a089689b8 (webtiles) character file.

Game seed: 14787214016408794254

11 Angani the Magician (level 2, -4/19 HPs)
             Began as a Demonspawn Hedge Wizard on Aug 12, 2021.
             Slain by a gnoll (10 damage)
             ... on level 1 of the Dungeon.
             The game lasted 00:03:16 (612 turns).

Angani the Magician (Demonspawn Hedge Wizard)        Turns: 612, Time: 00:03:17

Health: -4/19      AC:  2    Str: 10    XL:     2   Next: 13%
Magic:  3/6        EV: 12    Int: 15    God:
Gold:   43         SH:  0    Dex: 18    Spells: 5/7 levels left

rFire    . . .     SeeInvis .   e - +1 dagger (drain)
rCold    . . .     Faith    .   (no shield)
rNeg     . . .     Spirit   .   b - +0 robe
rPois    .         Reflect  .   c - +0 hat
rElec    .         Harm     .   (no cloak)
rCorr    .         Rampage  .   (no gloves)
Will     .....                  (no boots)
Stlth    ++........             (no amulet)
HPRegen  0.06/turn              h - +6 ring of dexterity
MPRegen  0.10/turn              (no ring)

@: very slightly contaminated
A: talons 1
a: no special abilities


You were on level 1 of the Dungeon.
You visited 1 branch of the dungeon, and saw 1 of its levels.

You collected 43 gold pieces.

Inventory:

Hand Weapons
 a - a +0 dagger
 e - a +1 dagger of draining (weapon)
Armour
 b - a +0 robe (worn)
 c - a +0 hat (worn)
Jewellery
 h - a +6 ring of dexterity (left hand)
Scrolls
 f - a scroll of identify {unknown}
 g - a scroll of amnesia {unknown}
Potions
 d - a potion of berserk rage {unknown}
 i - a potion of curing {unknown}


   Skills:
 - Level 1.7 Dodging
 - Level 1.7 Stealth
 + Level 3.1 Spellcasting
 + Level 1.3 Conjurations
 - Level 1.3 Summonings
 - Level 1.2 Translocations
 + Level 0.0 Fire Magic


You had 5 spell levels left.
You knew the following spells:

 Your Spells              Type           Power      Damage    Failure   Level
a - Magic Dart            Conj           24%        1d4       12%         1
b - Foxfire               Conj/Fire      16%        2x1d4     16%         1

Your spell library contained the following spells:

 Spells                   Type           Power      Damage    Failure   Level
 Call Imp                 Summ           6%         N/A       17%         2
 Blink                    Tloc           N/A        N/A       19%         2
 Slow                     Hex            2%         N/A       30%         2
 Conjure Flame            Conj/Fire      4%         6-21      41%         3
 Mephitic Cloud           Conj/Pois/Air  3%         N/A       45%         3
 Inner Flame              Hex/Fire       2%         N/A       52%         3


Dungeon Overview and Level Annotations

Branches:
Dungeon (1/15)

Altars:


Innate Abilities, Weirdness & Mutations

You have sharp toenails.


Message History

Okay, then.
Casting: Magic Dart (safe; 12% risk of failure)
Confirm with . or Enter, or press ? or * to list all spells.
You don't know that spell.
Memorise Foxfire, consuming 1 spell level and leaving 5?
You start memorising the spell.
You continue memorising.
You finish memorising.
Spell assigned to 'b'.
The gnoll shouts!
The gnoll closely misses you. The gnoll hits you with a +0 flail!
Ouch! That really hurt!
Casting: Magic Dart (safe; 12% risk of failure)
Confirm with . or Enter, or press ? or * to list all spells.
You conjure some foxfire!
The gnoll closely misses you.
The foxfire hits the gnoll.
The gnoll is moderately wounded.
The foxfire hits the gnoll.
The gnoll is moderately wounded.
Casting: Foxfire (safe; 16% risk of failure)
Confirm with . or Enter, or press ? or * to list all spells.
You conjure some foxfire!
The gnoll hits you with a +0 flail.
* * * LOW HITPOINT WARNING * * *
The foxfire hits the gnoll.
The gnoll is heavily wounded.
The foxfire hits the gnoll.
The gnoll is severely wounded.
You see here a +0 whip.
Casting: Foxfire (safe; 16% risk of failure)
Confirm with . or Enter, or press ? or * to list all spells.
You conjure some foxfire!
The gnoll barely misses you.
Your foxfire dissipates!
The foxfire hits the gnoll.
The gnoll is severely wounded.
Casting: Foxfire (safe; 16% risk of failure)
Confirm with . or Enter, or press ? or * to list all spells.
You miscast Foxfire.
You are very lightly contaminated with residual magic.
Nothing appears to happen.
The gnoll hits you with a +0 flail!
Ouch! That really hurt!
You die...

####'###########.#####.#.#
..'8.8+........#.##......#
..#...#........#.##......#
..##+##....⌠...#..#......#.#
..............###.#......#.#
....<....######........#.#.#
#.......##....#..###.....#.#
##########.##.#.g........#.#
.# #.. .....#§@...(....#.#
.# #.# #.# #..........##.#
.###.#####.# #...........†.#
..##.......###...........###
#.##..####.............#.#
#..#.## ###.........###.#
#.>#.# ####......# #.#
#....# #......# #.# #....###
###.#### #.#


You could see a gnoll.

Vanquished Creatures
  A dart slug (D:1)
  A ball python (D:1)
  A goblin (D:1)
  2 hobgoblins (D:1)
  A quokka (D:1)
  A bat (D:1)
  A rat (D:1)
8 creatures vanquished.

Vanquished Creatures (others)
  5 foxfires (D:1)
5 creatures vanquished.

Grand Total: 13 creatures vanquished

Notes
Turn   | Place    | Note
-------+----------+-------------------------------------------
     0 | D:1      | Angani the Demonspawn Hedge Wizard began the quest for the
                  | Orb.
     0 | D:1      | Reached XP level 1. HP: 13/13 MP: 4/4
   143 | D:1      | Reached skill level 1 in Translocations
   311 | D:1      | Gained mutation: You have sharp toenails. [demonic
                  | ancestry]
   311 | D:1      | Reached XP level 2. HP: 19/19 MP: 1/6
   572 | D:1      | Learned a level 1 spell: Foxfire
   612 | D:1      | Slain by a gnoll

Illustrated notes

Levels and vault maps discovered:
D:1:      giann_wishing_wells, layout_basic, minmay_fountain_box

Skill      XL: |  1 |
---------------+----+-----
Translocations | 1 |  1.2
Dodging        | |  1.7
Stealth        | |  1.7
Spellcasting   | |  3.1
Conjurations   | |  1.3
Summonings     | |  1.3

Action                   || total
-------------------------++-------
 Cast: Magic Dart        ||    23
       Foxfire           ||     3
Dodge: Dodged            ||     3
